Dungeon Sprint DCSS version 0.21-a0-59-g7b0e191 (webtiles) character file.

13900000 Kidiri the Intangible (level 27, -103/317 (323) HPs) Began as a Troll Gladiator on June 16, 2017. Was the Champion of Makhleb. Annihilated by a destroyer ... wielding a +9 great sword of slicing (182 damage) ... in the Dungeon (Sprint VIII: "Arena of Blood"). The game lasted 00:05:22 (139 turns). Kidiri the Intangible (Troll Gladiator) Turns: 139, Time: 00:05:23 HP: -103/317 (323)AC: 7 Str: 30 XL: 27 MP: 34/53 EV: 32 Int: 4 God: Makhleb [******] Gold: 0 SH: 0 Dex: 20 Spells: 80/80 levels left rFire . . . SeeInvis + a - +∞ Axe of Woe rCold . . . Gourm + (shield currently unavailable) rNeg . . . Faith . b - +0 robe rPois . Spirit . c - +0 hat rElec . Reflect . (no cloak) rCorr . Harm . (gloves unavailable) MR ++... NoTele + (boots unavailable) Stlth +++++++++. (no amulet) HPRegen 1.02/turn l - ring of see invisible MPRegen 0.33/turn (no ring) @: lethally poisoned (-103 -> -110), slowed, very slow A: unfitting armour, claws 3, fast metabolism 3, gourmand, regeneration 1, shaggy fur 1, tough skin 2 a: Minor Destruction, Lesser Servant of Makhleb, Major Destruction, Greater Servant of Makhleb, Renounce Religion You were in the Dungeon. You worshipped Makhleb. Makhleb was exalted by your worship. You were not hungry. You visited 1 branch

Inventory:

Hand Weapons
 a - the +∞ Axe of Woe (weapon)
   (You found it in the Dungeon)
Missiles
 d - 3 throwing nets (quivered)
Armour
 b - a +0 robe (worn)
 c - a +0 hat (worn)
Jewellery
 l - a ring of see invisible (left claw)
Scrolls
 k - a scroll of blinking
Potions
 e - a potion of curing
 g - a potion of heal wounds
 h - a potion of haste
 i - 2 potions of magic
 j - a potion of berserk rage
Comestibles
 f - 2 bread rations


   Skills:
 O Level 27 Fighting
 O Level 27 Axes
 O Level 27 Throwing
 O Level 27 Armour
 O Level 27 Dodging
 O Level 27 Stealth
 O Level 27 Unarmed Combat
 O Level 27 Spellcasting
 O Level 27 Invocations


You had 80 spell levels left.
You didn't know any spells.

Dungeon Overview and Level Annotations

Branches:
Dungeon (1/1)

Altars:
Makhleb


Innate Abilities, Weirdness & Mutations

You are too large for most types of armour.
You have claws for hands.
Your metabolism is lightning-fast.
You like to eat raw meat.
Your natural rate of healing is unusually fast.
You are covered in fur. (AC +1)
You have very tough skin. (AC +2)


Message History

You hear a shout! x2
The dread calls on the powers of darkness!
The large bag of meat convulses!
The meat berserker convulses!
The fleshlord convulses!
Your body is wracked with pain!
The scourge convulses!
You hear a shout! x3
A hell knight, a vampire knight and a wraith come into view.
The destroyer is wielding a +9 great sword of slicing.
You feel very sick.
You hear a shout!
The dread calls on the powers of darkness!
The large bag of meat convulses!
Your body is wracked with pain!
* * * LOW HITPOINT WARNING * * *
The fleshlord convulses!
The observer appears out of thin air!
An observer comes into view.
You hear a shout! x2
The meat berserker rages.
You hear a shout! x2
The destroyer hits you with a +9 great sword of slicing!!!!!
Ouch! That really hurt!
You die...

####......%..)).†.....
###.........)##)##)#####
.............)..........
....W.####.)..)##.##....
.....#.....)..).).......
......#..)...%W%.#.#....
o.O...#.S§§.....).......
###...#O§)...p.)...%...
#....V@#§§§...)))......
........W.§§O..).)......
..#.%.......WW))))......
...#........#)))))..#...
......#.G...#)))))..#...
..%#......###)D.....###.
..............)###......
.......#.V%..).)_.......
.O.....#..)..#....


You could see 2 destroyers, an observer (wandering), a scourge, a fleshlord, a
large bag of meat (inner flame), 2 wretched souls, 3 dreads, 2 meat berserkers
and a bag of meat (wandering).

Vanquished Creatures
  5 hell knights (D)
  4 hell beasts (D)
  Edmund (D)
  6 greater mummies (D)
  5 great orbs of eyes (D)
  A wraith (D)
  18 vampire knights (D)
  29 ogres (D)
  5 two-headed ogres (D)
  3 liches (D)
  2 hydras (D)
  64 orcs (D)
  A phantom (D)
  4 skeletal warriors (D)
  3 sea snakes (D)
  4 large abominations (D)
  8 crawling corpses (D)
163 creatures vanquished.

Vanquished Creatures (others)
  3 crawling corpses (D)
3 creatures vanquished.

Grand Total: 166 creatures vanquished

Notes
Turn   | Place    | Note
-------+----------+-------------------------------------------
     0 | D        | Kidiri the Troll Gladiator began the quest for the Orb.
     0 | D        | Reached XP level 1. HP: 19/19 MP: 0/0
     4 | D        | Noticed a bag of meat
     4 | D        | Noticed a meat berserker
     4 | D        | Noticed a bag of meat
     5 | D        | Became a worshipper of Makhleb the Destroyer
     5 | D        | Noticed a bag of meat
     6 | D        | Noticed a bag of meat
     7 | D        | Killed a meat berserker
     7 | D        | Reached skill level 15 in Axes
     7 | D        | Reached skill level 15 in Dodging
     7 | D        | Reached XP level 2. HP: 48/48 MP: 0/8
     7 | D        | Reached XP level 3. HP: 55/55 MP: 0/9
     7 | D        | Reached XP level 4. HP: 65/65 MP: 0/11
     7 | D        | Reached XP level 5. HP: 72/72 MP: 0/12
     7 | D        | Reached XP level 6. HP: 80/80 MP: 0/14
     7 | D        | Reached XP level 7. HP: 88/88 MP: 0/15
     7 | D        | Reached XP level 8. HP: 97/97 MP: 0/16
     7 | D        | Reached XP level 9. HP: 105/105 MP: 0/17
     7 | D        | Reached XP level 10. HP: 114/114 MP: 0/18
     7 | D        | Reached XP level 11. HP: 120/120 MP: 0/19
     7 | D        | Reached XP level 12. HP: 130/130 MP: 0/20
     7 | D        | Reached XP level 13. HP: 137/137 MP: 0/21
     8 | D        | Killed a bag of meat
     8 | D        | Reached * piety under Makhleb
     9 | D        | Killed a bag of meat
     9 | D        | Reached XP level 14. HP: 153/153 MP: 0/23
    10 | D        | Noticed a bag of meat
    10 | D        | Noticed a bag of meat
    11 | D        | Noticed a bag of meat
    11 | D        | Noticed a bag of meat
    11 | D        | Noticed a meat berserker
    11 | D        | Killed a meat berserker
    11 | D        | Reached skill level 15 in Invocations
    11 | D        | Reached XP level 15. HP: 165/165 MP: 0/25
    12 | D        | Reached ** piety under Makhleb
    12 | D        | Reached skill level 15 in Fighting
    12 | D        | Reached skill level 15 in Armour
    15 | D        | Reached XP level 16. HP: 179/179 MP: 1/27
    16 | D        | Noticed a meat berserker
    16 | D        | Reached *** piety under Makhleb
    17 | D        | Noticed a meat berserker
    18 | D        | Reached XP level 17. HP: 193/193 MP: 2/29
    20 | D        | Noticed a destroyer
    20 | D        | Noticed a meat berserker
    20 | D        | Noticed a destroyer
    20 | D        | Reached **** piety under Makhleb
    21 | D        | Noticed a large bag of meat
    22 | D        | Killed a meat berserker
    22 | D        | Reached XP level 18. HP: 208/208 MP: 3/31
    23 | D        | Reached ***** piety under Makhleb
    23 | D        | Reached skill level 27 in Axes
    23 | D        | Reached skill level 27 in Dodging
    23 | D        | Reached XP level 19. HP: 224/224 MP: 3/33
    23 | D        | Killed a meat berserker
    24 | D        | Noticed a destroyer
    25 | D        | Noticed a destroyer
    25 | D        | Killed a destroyer
    25 | D        | Reached skill level 27 in Fighting
    25 | D        | Reached skill level 27 in Armour
    25 | D        | Reached skill level 27 in Invocations
    25 | D        | Reached skill level 1 in Stealth
    25 | D        | Reached XP level 20. HP: 256/256 MP: 3/36
    26 | D        | Reached skill level 10 in Throwing
    26 | D        | Killed a destroyer
    26 | D        | Reached ****** piety under Makhleb
    26 | D        | Reached XP level 21. HP: 265/265 MP: 3/37
    27 | D        | Reached skill level 15 in Stealth
    28 | D        | Noticed a destroyer
    28 | D        | Reached XP level 22. HP: 275/275 MP: 4/38
    29 | D        | Noticed a large bag of meat
    29 | D        | Reached skill level 27 in Throwing
    30 | D        | Noticed a destroyer
    31 | D        | Killed a large bag of meat
    31 | D        | Reached skill level 27 in Stealth
    32 | D        | Noticed a destroyer
    32 | D        | Noticed a destroyer
    33 | D        | Reached XP level 23. HP: 284/284 MP: 5/39
    33 | D        | Killed a destroyer
    33 | D        | Killed a destroyer
    33 | D        | Reached skill level 27 in Unarmed Combat
    33 | D        | Reached XP level 24. HP: 295/295 MP: 5/43
    33 | D        | Killed a destroyer
    35 | D        | Noticed a destroyer
    36 | D        | Noticed a destroyer
    36 | D        | Killed a destroyer
    36 | D        | Reached skill level 27 in Spellcasting
    36 | D        | Reached XP level 25. HP: 304/304 MP: 5/53
    36 | D        | Noticed a destroyer
    36 | D        | Noticed a destroyer
    37 | D        | Noticed a large bag of meat
    37 | D        | Killed a destroyer
    38 | D        | Noticed a destroyer
    39 | D        | Killed a destroyer
    39 | D        | Reached XP level 26. HP: 305/314 MP: 6/53
    40 | D        | Killed a destroyer
    41 | D        | Killed a large bag of meat
    43 | D        | Noticed a destroyer
    43 | D        | Killed a destroyer
    43 | D        | Reached XP level 27. HP: 323/323 MP: 7/53
    43 | D        | Killed a destroyer
    45 | D        | Killed a large bag of meat
    46 | D        | Noticed an accursed
    46 | D        | Killed a destroyer
    46 | D        | Killed a destroyer
    47 | D        | Killed a destroyer
    48 | D        | Noticed a tyrant
    48 | D        | Noticed a destroyer
    49 | D        | Noticed an accursed
    49 | D        | Noticed a tyrant
    52 | D        | Killed a destroyer
    53 | D        | Killed an accursed
    54 | D        | Noticed an accursed
    59 | D        | Killed an accursed
    59 | D        | Killed an accursed
    61 | D        | Noticed an accursed
    63 | D        | Noticed a meat beast
    63 | D        | Killed a tyrant
    66 | D        | Killed a meat beast
    66 | D        | Killed a tyrant
    67 | D        | Killed an accursed
    68 | D        | Noticed a destroyer
    70 | D        | Noticed a meat beast
    72 | D        | Killed a destroyer
    73 | D        | Noticed a destroyer
    77 | D        | Killed a meat beast
    80 | D        | Killed a destroyer
    81 | D        | HP: 14/320 [meat berserker/+9 battleaxe (70)]
    81 | D        | Noticed a destroyer
    83 | D        | Killed a destroyer
    98 | D        | Noticed a meat beast
    98 | D        | Noticed an accursed
    99 | D        | Killed an accursed
   102 | D        | Noticed a meat beast
   102 | D        | Noticed a tyrant
   105 | D        | Killed a meat beast
   107 | D        | Noticed a dread
   108 | D        | Killed a tyrant
   115 | D        | Killed a dread
   119 | D        | Noticed a large bag of meat
   123 | D        | Noticed a meat beast
   124 | D        | Noticed a fleshlord
   125 | D        | Noticed a fleshlord
   125 | D        | Noticed a fleshlord
   125 | D        | Killed a large bag of meat
   126 | D        | Noticed an accursed
   126 | D        | Noticed a fleshlord
   127 | D        | Killed a meat beast
   128 | D        | Noticed The Defiler
   129 | D        | Noticed a large bag of meat
   129 | D        | Killed a fleshlord
   130 | D        | Killed a fleshlord
   131 | D        | Killed a fleshlord
   132 | D        | Noticed a fleshlord
   132 | D        | Killed a fleshlord
   132 | D        | Noticed a destroyer
   134 | D        | Noticed a dread
   135 | D        | Noticed a large bag of meat
   135 | D        | Killed a fleshlord
   135 | D        | Killed a large bag of meat
   136 | D        | Noticed a dread
   137 | D        | Killed The Defiler
   137 | D        | Killed an accursed
   139 | D        | Noticed a destroyer
   139 | D        | Noticed a fleshlord
   139 | D        | Noticed a dread
   139 | D        | Annihilated by a destroyer

Vault maps used:
D:        meatsprint

Skill      XL: |  1  2  3  4  5  6  7  8  9 10 11 12 13 14 15 16 17 18 19 20 21 22 23 24 |
---------------+-------------------------------------------------------------------------+-----
Fighting       | 11 13 14 16 17 19 21 27 | 27.0
Axes           | 15 17 19 21 23 25 27 | 27.0
Armour         | 11 13 14 16 17 19 21 27 | 27.0
Dodging        | 15 17 19 21 23 25 27 | 27.0
Invocations    | 12 14 15 17 19 20 22 27 | 27.0
Throwing       | 2 17 26 27 | 27.0
Stealth        | 1 13 20 27 | 27.0
Unarmed Combat | 14 27 | 27.0
Spellcasting   | 17 27 | 27.0

Action                   |  1- 3 |  4- 6 |  7- 9 | 10-12 | 13-15 | 16-18 | 19-21 | 22-24 | 25-27 || total
-------------------------+-------+-------+-------+-------+-------+-------+-------+-------+-------++-------
Melee: Executioner's axe |     1 |       |       |       |     6 |     6 |     5 |     6 |    64 ||    88
Armor: Robe              |       |       |       |       |       |       |       |       |     5 ||     5
Dodge: Dodged            |       |       |       |       |       |       |       |     2 |    15 ||    17
